 Dungeon Crawl Stone Soup version 0.24-a0-251-g44e327e (webtiles) character file.

Game seed: 12928407244821303200

44 Borgoz the Cutter (level 3, -2/22 HPs)
             Began as a Kobold Gladiator on Apr 17, 2019.
             Killed by nerve-wracking pain
             ... invoked by Jessica
              (11 damage)
             ... on level 3 of the Dungeon.
             The game lasted 00:01:38 (973 turns).

Borgoz the Cutter (Kobold Gladiator)                 Turns: 973, Time: 00:01:39

Health: -2/22      AC:  4    Str: 12    XL:     3   Next: 85%
Magic:  3/3        EV: 16    Int:  9    God:
Gold:   29         SH:  0    Dex: 16    Spells: 2/2 levels left

rFire    . . .     SeeInvis .   a - +0 rapier
rCold    . . .     Gourm    .   (shield restricted)
rNeg     . . .     Faith    .   k - +0 leather armour (curse)
rPois    .         Spirit   .   c - +0 helmet
rElec    .         Reflect  .   (no cloak)
rCorr    .         Harm     .   (no gloves)
MR       .....                  (no boots)
Stlth    +.........             (no amulet)
HPRegen  0.07/turn              (no ring)
MPRegen  0.08/turn              (no ring)

@: no status effects
A: small, carnivore
a: no special abilities


You were on level 3 of the Dungeon.
You were completely stuffed.

You visited 1 branch of the dungeon, and saw 3 of its levels.

You collected 29 gold pieces.

Inventory:

Hand Weapons
 a - a +0 rapier (weapon)
Missiles
 d - 3 throwing nets (quivered)
Armour
 c - a +0 helmet (worn)
 k - a cursed +0 leather armour (worn)
Scrolls
 h - a scroll of teleportation {unknown}
 i - 2 scrolls of identify {unknown}
Potions
 e - a potion of magic {unknown}
 g - 2 potions of heal wounds {unknown}
Comestibles
 b - a chunk of flesh
 f - 2 rations


   Skills:
 + Level 2.7 Fighting
 + Level 4.4 Short Blades
 - Level 2.1 Throwing
 * Level 1.4 Armour
 + Level 4.0 Dodging


You had 2 spell levels left.
You didn't know any spells.
Your spell library was empty.

Dungeon Overview and Level Annotations

Branches:
Dungeon (3/15)

Altars:
Nemelex Xobeh

Annotations:
D:3 Jessica


Innate Abilities, Weirdness & Mutations

You are small and have problems with some larger weapons.
You are carnivorous and can eat meat at any time.


Message History

The gnoll is moderately wounded.
The gnoll closely misses you. Jessica hits you with a +0 club.
Jessica hits you but does no damage. The gnoll barely misses you.
You aren't carrying any items that you can evoke.
Jessica misses you. Jessica hits you with a +0 club. The gnoll misses you.
Jessica misses you. Jessica misses you.
There is a stone staircase leading down here.
Jessica casts a spell at you. Pain shoots through your body!
The gnoll hits you but does no damage. Jessica completely misses you.
You climb downwards.
A goblin comes into view.
Found a scroll labeled KIAHYO URITHU.
There is a stone staircase leading up here.
Jessica closely misses you. Jessica gestures at you while chanting.
Pain shoots through your body!
Ouch! That really hurt!
You die...

### #.. #.#
#.# ##.##
###..@######.
#....@......g
#......######
#..#####..
#.. ### #. #


You could see Jessica and a goblin (sleeping).

Vanquished Creatures
  5 dart slugs (D:1)
  A leopard gecko (D:1)
  4 bats (D:1)
  A giant cockroach (D:1)
  2 goblins
  7 hobgoblins
  A quokka (D:2)
  A ball python (D:1)
  4 frilled lizards (D:1)
  3 kobolds (D:1)
  4 rats
33 creatures vanquished.

Notes
Turn   | Place    | Note
-------+----------+-------------------------------------------
     0 | D:1      | Borgoz the Kobold Gladiator began the quest for the Orb.
     0 | D:1      | Reached XP level 1. HP: 12/12 MP: 1/1
   146 | D:1      | Reached XP level 2. HP: 11/18 MP: 2/2
   444 | D:1      | Reached skill level 1 in Armour
   478 | D:1      | Reached XP level 3. HP: 22/22 MP: 3/3
   866 | D:2      | Found a sparkling altar of Nemelex Xobeh.
   956 | D:2      | Noticed Jessica
   973 | D:3      | Killed from afar by Jessica

Levels and vault maps discovered:
D:1:      lemuel_arrival_river_ford, layout_loops_ring
D:2:      layout_loops_ring, nemelex_xobeh_ov_fountains_minmay, uniq_jessica
D:3:      layout_loops_ring

Skill      XL: |  1  2  3 |
---------------+----------+-----
Armour         | 1 |  1.4
Dodging        | 4 |  4.0
Fighting       | |  2.7
Short Blades   | |  4.4
Throwing       | |  2.1

Action                   || total
-------------------------++-------
Melee: Rapier            ||   102
  Eat: Chunk             ||     9
Armor: Leather armour    ||    27
Dodge: Dodged            ||   102

Table legend:
 A = Non-vault XP
 B = Vault XP
 C = Vault XP percentage of total XP
 D = Non-vault monster count
 E = Vault monster count
 F = Vault count percentage of total count
                 A         B        C        D         E       F
            +---------+---------+-------+---------+---------+-------
      Total |      63 |       0 |   0.0 |      33 |       0 |   0.0
            +---------+---------+-------+---------+---------+-------
        D:1 |      51 |       0 |   0.0 |      26 |       0 |   0.0
        D:2 |      12 |       0 |   0.0 |       7 |       0 |   0.0
            +---------+---------+-------+---------+---------+-------
